 Dungeon Crawl Stone Soup version 0.29-a0-322-g68df515428 (webtiles) character file.

Game seed: 13090107255438994899

1670 GigaChad the Slasher (level 8, -11/80 HPs)
             Began as a Demonspawn Chaos Knight on Apr 8, 2022.
             Was a Plaything of Xom.
             Mangled by Joseph
             ... wielding a +4 quarterstaff
              (19 damage)
             ... on level 7 of the Dungeon.
             The game lasted 00:15:57 (4649 turns).

GigaChad the Slasher (Demonspawn Chaos Knight)      Turns: 4649, Time: 00:15:57

Health: -11/80     AC:  9    Str: 20    XL:     8   Next: 69%
Magic:  7/7        EV: 10    Int: 13    God:    Xom [*.....]
Gold:   287        SH:  5    Dex: 23    Spells: 7/7 levels left

rFire   + . .      SeeInvis +   a - +0 falchion (chaos)
rCold   + . .      Faith    .   (no shield)
rNeg    . . .      Spirit   .   r - +0 chain mail
rPois   .          Reflect  +   (no helmet)
rElec   .          Harm     .   (no cloak)
rCorr   .          Rampage  .   (no gloves)
Will    .....      Clarity  +   (no boots)
Stlth   ..........              x - amulet of Lotry {Reflect rC++ Regen+ SH+5}
HPRegen 1.03/turn               m - ring "Ebiang" {Str+5 Dex+6}
MPRegen 0.10/turn               q - ring of fire

@: no status effects
A: ignite blood 2, demonic touch 1, see invisible, agile 1, clarity, low MP 1,
mutation resistance 2, passive freeze, robust 3, screaming 1, strong 1, wild
magic 1
a: Renounce Religion


You were on level 7 of the Dungeon.
You worshipped Xom.
You were a special plaything of Xom.
You visited 2 branches of the dungeon, and saw 8 of its levels.

You collected 287 gold pieces.

Inventory:

Hand Weapons
 a - a +0 falchion of chaos (weapon)
 h - a +0 hand axe
 t - a +0 morningstar
 w - a +0 shortbow
 A - a +0 war axe
 B - a +0 short sword of venom
 C - a +1 dagger of venom
Missiles
 p - 6 poisoned darts
 z - a throwing net
Armour
 b - a +2 leather armour
 r - a +0 chain mail (worn)
Jewellery
 m - the ring "Ebiang" (left hand) {Str+5 Dex+6}
   (Xom gifted it to you on level 3 of the Dungeon)

   [ring of dexterity]

   Str:       It affects your strength (+5).
   Dex:       It affects your dexterity (+6).
 o - a ring of magical power
 q - a ring of fire (right hand)
 x - the amulet of Lotry (around neck) {Reflect rC++ Regen+ SH+5}
   (Xom gifted it to you on level 6 of the Dungeon)

   [amulet of reflection]

   It reflects blocked missile attacks.
   rC:        It greatly protects you from cold.
   Regen:     It increases your rate of health regeneration.
   SH:        It affects your SH (+5).
 y - a ring of willpower
Scrolls
 j - 4 scrolls of teleportation
 l - 3 scrolls of magic mapping {unknown}
 n - a scroll of fog
 v - a scroll of acquirement {unknown}
Potions
 d - a potion of resistance
 e - 4 potions of lignification
 f - 2 potions of attraction {unknown}
 g - 2 potions of heal wounds {unknown}
 i - 7 potions of curing {unknown}
 k - a potion of ambrosia
 s - a potion of berserk rage {unknown}
 u - a potion of haste {unknown}
Miscellaneous
 c - a piece from Xom's chessboard (15/15) (quivered)


   Skills:
 + Level 5.2 Fighting
 + Level 6.7 Long Blades
 + Level 2.3 Bows
 + Level 3.8 Armour
 + Level 4.1 Dodging
 + Level 3.1 Stealth
 + Level 1.4 Shields


You had 7 spell levels left.
You didn't know any spells.
Your spell library contained the following spells:

 Spells                   Type           Power      Damage    Failure   Level
 Slow                     Hex            0%         N/A       98%         1
 Confusing Touch          Hex            0%         N/A       100%        3
 Dazzling Flash           Conj/Hex       0%         N/A       100%        3
 Ozocubu's Armour         Ice            0%         N/A       100%        3
 Vampiric Draining        Necr           0%         2d6       100%        3
 Iskenderun's Mystic Bla  Conj/Tloc      0%         2d3       100%        4
 Starburst                Conj/Fire      0%         6d3       100%        6
 Ozocubu's Refrigeration  Ice            0%         4d5       100%        7


Dungeon Overview and Level Annotations

Branches:
Dungeon (7/15)             Temple (1/1) D:7

Altars:
Ashenzari
Cheibriados
Dithmenos
Elyvilon
Fedhas
Gozag
Hepliaklqana
Kikubaaqudgha
Makhleb
Nemelex Xobeh
Okawaru
Qazlal
Ru
Sif Muna
Trog
Uskayaw
Vehumet
Wu Jian
Xom
Yredelemnul
The Shining One

Annotations:
D:7 Joseph


Innate Abilities, Weirdness & Mutations

Your demonic aura often causes spilled blood to erupt in flames.
Your touch may inflict minor irresistible damage on your foes.
You have supernaturally acute eyesight. (SInv)
You are agile. (Dex +2)
You possess an exceptional clarity of mind.
Your magical capacity is low. (-10% MP)
You are somewhat resistant to both further mutation and mutation removal.
A frigid envelope surrounds you and freezes all who hurt you.
You are extremely robust. (+30% HP)
You occasionally shout uncontrollably at your foes.
Your muscles are strong. (Str +2)
Your spells are a little harder to cast, but a little more powerful.


Message History

Joseph hits you with a +4 quarterstaff!!
Joseph is very cold.
Joseph is moderately wounded.
You hit Joseph but do no damage. Your touch misses Joseph.
Joseph is moderately wounded.
The phantom hits you.
The phantom resists.
The phantom is very cold.
You destroy the phantom!
You barely miss Joseph.
Joseph is moderately wounded.
Joseph hits you with a +4 quarterstaff!
Joseph is very cold.
Joseph is moderately wounded.
You hit Joseph.
Joseph suddenly seems more agile.
Joseph is moderately wounded.
Joseph hits you with a +4 quarterstaff.
Joseph is very cold.
Joseph is heavily wounded.
You hit Joseph but do no damage. Your punch misses Joseph.
Joseph is heavily wounded.
Joseph hits you with a +4 quarterstaff!
Joseph is very cold.
Joseph is heavily wounded.
You miss Joseph.
Joseph is heavily wounded.
Joseph tries to grin evilly.
Joseph barely misses you.
You hit Joseph but do no damage.
You touch Joseph.
Joseph is heavily wounded.
Joseph hits you with a +4 quarterstaff!
* * * LOW HITPOINT WARNING * * *
Joseph is very cold.
Joseph is severely wounded.
You hit Joseph but do no damage.
Joseph is moving more slowly.
Joseph is severely wounded.
Joseph hits you with a +4 quarterstaff!
* * * LOW HITPOINT WARNING * * *
Joseph is very cold.
Joseph is severely wounded.
You hit Joseph. You burn Joseph.
Joseph is severely wounded.
Joseph hits you with a +4 quarterstaff!!
You die...
Xom bursts into laughter!

#######.....#####.#
##...## #.# ##.## ##.#
#.# #.# #..#... ... #.#
#.##..# #.# #.# #.##..#
#.# #.# #.##..# #.#
.######@##..# #.#
.......@°...## #.#
.######○##...#########..
#......#........#..#
#.........#####.#.##
#.........# #.#.#
##.....##.### #.#.#
..........[..# #.#.##
.##.#<##.###.## #....# #
#......# #..# ###..#


You could see Joseph (agile, petrifying).

Vanquished Creatures
  Duvessa (D:7)
  An orc warrior (D:7)
  A black bear (D:6)
  An ogre (D:5)
  4 centaurs
  3 phantoms
  3 bullfrogs
  2 scorpions
  Dowan (D:7)
  2 killer bees
  3 hounds (D:6)
  A jelly (D:2)
  An iguana (D:4)
  2 orc wizards
  3 adders
  2 gnolls (D:5)
  A worm (D:3)
  A dart slug (D:1)
  7 orcs
  5 bats
  7 endoplasms
  A giant cockroach (D:1)
  6 goblins
  4 hobgoblins
  A jackal (D:4)
  4 quokkas
  3 ball pythons
  2 frilled lizards
  8 kobolds
  4 rats
85 creatures vanquished.

Vanquished Creatures (collateral kills)
  A gnoll (D:5)
  An orc (D:6)
2 creatures vanquished.

Grand Total: 87 creatures vanquished

Notes
Turn   | Place    | Note
-------+----------+-------------------------------------------
     0 | D:1      | GigaChad the Demonspawn Chaos Knight began the quest for
                  | the Orb.
     0 | D:1      | Reached XP level 1. HP: 18/18 MP: 1/1
    73 | D:1      | XOM: silly message
   214 | D:1      | XOM: butterfly on damage
   227 | D:1      | Reached skill level 3 in Long Blades
   286 | D:1      | Gained mutation: Your demonic aura sometimes causes spilled
                  | blood to erupt in flames. [demonic ancestry]
   286 | D:1      | Reached XP level 2. HP: 20/24 MP: 2/2
   698 | D:2      | Reached skill level 1 in Dodging
   717 | D:2      | Reached XP level 3. HP: 29/29 MP: 3/3
   728 | D:2      | XOM: silly message
  1030 | D:2      | XOM: 3-stop teleportation journey
  1414 | D:3      | XOM: god gift: 16 gold pieces
  1500 | D:3      | Reached XP level 4. HP: 21/37 MP: 4/4
  1519 | D:3      | XOM: give mutations
  1519 | D:3      | Gained mutation: Your muscles are strong. (Str +2) [Xom's
                  | grace]
  1519 | D:3      | Gained mutation: You are robust. (+10% HP) [Xom's grace]
  1519 | D:3      | Gained mutation: You are very robust. (+20% HP) [Xom's
                  | grace]
  1541 | D:3      | XOM: 1-stop teleportation journey
  1717 | D:3      | Found a stormy altar of Qazlal.
  1717 | D:3      | Found an iron altar of Okawaru.
  1729 | D:3      | Identified the ring "Ebiang" {Str+5 Dex+6} (Xom gifted it
                  | to you on level 3 of the Dungeon)
  1729 | D:3      | XOM: god gift: ring "Ebiang" {Str+5 Dex+6}
  1793 | D:3      | XOM: scenery: summon butterflies
  2598 | D:4      | Reached skill level 4 in Long Blades
  2598 | D:4      | Gained mutation: Your touch may inflict minor irresistible
                  | damage on your foes. [demonic ancestry]
  2598 | D:4      | Reached XP level 5. HP: 48/50 MP: 5/5
  2633 | D:4      | XOM: enchant monster (good)
  2702 | D:4      | XOM: give mutations
  2702 | D:4      | Gained mutation: Your magical capacity is low. (-10% MP)
                  | [Xom's mischief]
  2702 | D:4      | Gained mutation: You occasionally shout uncontrollably at
                  | your foes. [Xom's mischief]
  2776 | D:4      | Noticed a phantom
  2809 | D:4      | XOM: give mutations
  2809 | D:4      | Gained mutation: A frigid envelope surrounds you and
                  | freezes all who hurt you. [Xom's grace]
  2809 | D:4      | Gained mutation: Your spells are a little harder to cast,
                  | but a little more powerful. [Xom's grace]
  2809 | D:4      | Gained mutation: You are agile. (Dex +2) [Xom's grace]
  2827 | D:5      | Entered Level 5 of the Dungeon
  2834 | D:5      | Noticed a black bear
  2839 | D:5      | XOM: summons 4 friendly demons
  2897 | D:4      | Killed a phantom
  2898 | D:4      | Reached skill level 1 in Stealth
  2898 | D:4      | Gained mutation: Your demonic aura often causes spilled
                  | blood to erupt in flames. [demonic ancestry]
  2898 | D:4      | Reached XP level 6. HP: 46/57 MP: 5/5
  2921 | D:5      | XOM: give mutations
  2921 | D:5      | Gained mutation: You have supernaturally acute eyesight.
                  | (SInv) [Xom's grace]
  2921 | D:5      | Gained mutation: You have hidden genetic potential. [Xom's
                  | grace]
  2921 | D:5      | Lost mutation: You have hidden genetic potential. [Xom's
                  | grace]
  2921 | D:5      | Gained mutation: You are somewhat resistant to further
                  | mutation. [Xom's grace]
  2928 | D:5      | XOM: summons 3 hostile shadow creatures
  3204 | D:5      | XOM: summons friendly iron imp
  3290 | D:5      | XOM: summons 6 friendly demons
  3334 | D:6      | Reached skill level 5 in Long Blades
  3471 | D:6      | XOM: give mutations
  3471 | D:6      | Gained mutation: You are extremely robust. (+30% HP) [Xom's
                  | grace]
  3471 | D:6      | Gained mutation: You possess an exceptional clarity of
                  | mind. [Xom's grace]
  3471 | D:6      | Gained mutation: You are somewhat resistant to both further
                  | mutation and mutation removal. [Xom's grace]
  3554 | D:6      | Reached XP level 7. HP: 68/71 MP: 6/6
  3566 | D:6      | XOM: smoke on damage
  3715 | D:6      | Identified the amulet of Lotry {Reflect rC++ Regen+ SH+5}
                  | (Xom gifted it to you on level 6 of the Dungeon)
  3715 | D:6      | XOM: god gift: amulet of Lotry {Reflect rC++ Regen+ SH+5}
  3784 | D:6      | Noticed a wraith
  3790 | D:6      | XOM: summons 7 friendly demons
  3885 | D:6      | Noticed a boulder beetle
  3948 | D:6      | Reached skill level 6 in Long Blades
  3948 | D:6      | Reached skill level 1 in Bows
  3948 | D:6      | Reached XP level 8. HP: 79/79 MP: 7/7
  4020 | D:7      | XOM: enchant monster (good)
  4052 | D:7      | XOM: 1-stop teleportation journey
  4053 | D:7      | Found a staircase to the Ecumenical Temple.
  4065 | D:7      | XOM: destruction
  4066 | D:7      | XOM: enchant monster (good)
  4244 | Temple   | Entered the Ecumenical Temple
  4451 | Temple   | XOM: summons 5 hostile demons
  4532 | D:7      | Noticed Dowan
  4533 | D:7      | Noticed Duvessa
  4546 | D:7      | Killed Duvessa
  4547 | D:7      | Reached skill level 5 in Fighting
  4553 | D:7      | Killed Dowan
  4554 | D:7      | Reached skill level 1 in Shields
  4638 | D:7      | Noticed Joseph
  4649 | D:7      | Mangled by Joseph

Illustrated notes

Levels and vault maps discovered:
D:1:      onia_arrival_pyramid, layout_basic
D:2:      layout_loops_ring, uniq_sigmund
D:3:      layout_rooms, gammafunk_temple_overflow_pools
D:4:      layout_basic, minmay_increasing_density
D:5:      layout_basic
D:6:      layout_basic, minmay_misc_feat_secret_circle, grunt_ministairs_13
D:7:      layout_loops_ring, zin_statuary, temple_statues, serial_shops, shop,
          uniq_joseph, uniq_pikel, uniq_duvessa
Temple:   mainiacjoe_temple_bowtie_tessellation

Skill      XL: |  1  2  3  4  5  6  7  8 |
---------------+-------------------------+-----
Long Blades    | 3 4 5 6 |  6.7
Dodging        | 1 2 3 4 |  4.1
Armour         | 2 3 |  3.8
Fighting       | 4 5 |  5.2
Stealth        | 1 2 3 |  3.1
Bows           | 1 2 |  2.3
Shields        | 1 |  1.4

Action                   |  1- 3 |  4- 6 |  7- 9 || total
-------------------------+-------+-------+-------++-------
Melee: Falchion          |    78 |   106 |    78 ||   262
       Punch             |     1 |       |     1 ||     2
       Touch             |       |     8 |    10 ||    18
 Fire: Shortbow          |       |       |    10 ||    10
  Use: Scroll            |     3 |     3 |     1 ||     7
 Stab: Sleeping          |     1 |     1 |       ||     2
       Paralysed         |       |     3 |       ||     3
Armor: Leather armour    |    26 |    36 |    18 ||    80
       Chain mail        |       |       |     7 ||     7
Dodge: Dodged            |    51 |    91 |    67 ||   209
Block: Other             |       |       |    22 ||    22
       Reflection        |       |       |     6 ||     6

Table legend: (Time is in decaauts)
 A = Elapsed time spent in this place.
 B = Non-inter-level travel time spent in this place.
 C = Inter-level travel time spent in this place.
 D = Time resting spent in this place.
 E = Time spent auto-exploring this place.
 F = Levels seen in this place.
 G = Mean time per level.
                   A        B        C        D        E       F      G
               +--------+--------+--------+--------+--------+-----+--------+
         Total |   4673 |   4597 |     76 |   1274 |    704 |   8 |  584.1 |
       Dungeon |   4422 |   4358 |     64 |   1274 |    513 |   7 |  631.7 |
        Temple |    251 |    239 |     12 |      0 |    191 |   1 |  251.0 |
               +--------+--------+--------+--------+--------+-----+--------+

Top non-repeatable levels by time:
     D:3: 845 daAuts
     D:4: 761 daAuts
     D:2: 685 daAuts
     D:6: 666 daAuts
     D:1: 623 daAuts
     D:5: 435 daAuts
     D:7: 404 daAuts
  Temple: 251 daAuts
